 Dungeon Crawl Stone Soup version 0.30-a0-782-ge64f9170bb (webtiles) character file.

Game seed: 2415882785783966000

5643 Barriton the Thaumaturge (level 10, -17/73 HPs)
             Began as a Grey Draconian Conjurer on Mar 6, 2023.
             Was a Believer of Sif Muna.
             Demolished by a komodo dragon (26 damage)
             ... on level 9 of the Dungeon.
             The game lasted 00:21:39 (10645 turns).

Barriton the Thaumaturge (Grey Draconian Conjurer) Turns: 10645, Time: 00:21:39

Health: -17/73     AC: 15    Str:  9 (10) XL:     10   Next: 46%
Magic:  12/23      EV: 13    Int: 22      God:    Sif Muna [**....]
Gold:   556        SH:  5    Dex:  9 (10) Spells: 16/27 levels left

rFire   + . .      SeeInvis .    f - staff of poison
rCold   . . .      Faith    .    (no shield)
rNeg    . . .      Spirit   .    (body armour unavailable)
rPois   +          Reflect  +    (helmet restricted)
rElec   .          Harm     .    k - +2 cloak
rCorr   +          Rampage  .    (no gloves)
Will    .....                    (no boots)
Stlth   ++                       c - amulet of reflection
HPRegen 0.32/turn                e - ring of protection from fire
MPRegen 0.18/turn                h - ring of resist corrosion

@: unable to drink
A: AC +12, amphibious, unfitting armour, cold-blooded, deterioration 1, mutation
resistance 1, inability to drink after injury 1
a: Renounce Religion, Channel Magic


You were on level 9 of the Dungeon.
You worshipped Sif Muna.
Sif Muna was pleased with you.
You visited 2 branches of the dungeon, and saw 11 of its levels.

You collected 556 gold pieces.

Inventory:

Armour
 k - a +2 cloak (worn)
Magical Staves
 f - a staff of poison (weapon)
Jewellery
 c - an amulet of reflection (around neck)
 e - a ring of protection from fire (left hand)
 h - a ring of resist corrosion (right hand)
 n - an amulet of guardian spirit
 x - a +6 ring of strength
 y - an amulet of the acrobat
Wands
 l - a wand of paralysis (4)
 p - a wand of polymorph (11)
 s - a wand of iceblast (4)
 t - a wand of flame (7)
 v - a wand of mindburst (6)
Scrolls
 b - a scroll of fog
 j - 5 scrolls of torment
 q - 4 scrolls of identify
 u - a scroll of silence
 w - 3 scrolls of teleportation
Potions
 a - 2 potions of magic
 d - 3 potions of degeneration
 g - 4 potions of curing
 i - a potion of cancellation
 m - 2 potions of heal wounds
 o - 3 potions of attraction
 r - a potion of brilliance


   Skills:
 + Level 2.1 Fighting
 + Level 0.2(1.8) Polearms
 + Level 3.0 Staves
 + Level 4.7 Dodging
 + Level 3.4 Stealth
 + Level 2.7 Shields
 + Level 0.2 Unarmed Combat
 + Level 9.4 Spellcasting
 + Level 8.2 Conjurations
 + Level 5.7 Fire Magic
 + Level 0.5 Air Magic
 + Level 2.0 Earth Magic


You had 16 spell levels left.
You knew the following spells:

 Your Spells              Type           Power      Damage    Failure   Level
a - Magic Dart            Conj           100%       1d8       1%          1
b - Searing Ray           Conj           92%        2d7       1%          2
c - Scorch                Fire           70%        2d9       1%          2
d - Static Discharge      Conj/Air       58%        2-5/arc   1%          2
e - Sandblast             Erth           38%        2d10      2%          1
f - Stone Arrow           Conj/Erth      64%        3d11      2%          3

Your spell library contained the following spells:

 Spells                   Type           Power      Damage    Failure   Level
 Dazzling Flash           Conj/Hex       56%        N/A       3%          3
 Flame Wave               Conj/Fire      41%        2d11      3%          4
 Sticky Flame             Conj/Fire      41%        2d6       3%          4
 Passwall                 Tmut/Erth      11%        N/A       6%          2
 Ignite Poison            Fire/Tmut/Pois 28%        N/A       9%          3
 Ensorcelled Hibernation  Hex/Ice        20%        N/A       10%         2
 Fulminant Prism          Conj/Hex       14%        3d9       12%         4
 Iskenderun's Mystic Bla  Conj/Tloc      28%        2d7       12%         4
 Swiftness                Air            12%        N/A       16%         3
 Vhi's Electric Charge    Tloc/Air       22%        N/A       17%         3
 Arcjolt                  Conj/Air       14%        1d24      30%         5
 Lightning Bolt           Conj/Air       14%        1d28      30%         5
 Starburst                Conj/Fire      20%        6d7       50%         6
 Summon Cactus Giant      Summ           5%         N/A       100%        6
 Ignition                 Fire           17%        3d7       100%        8


Dungeon Overview and Level Annotations

Branches:
Dungeon (10/15)            Temple (1/1) D:5            Lair (0/5) D:9
    Orc: D:9-12

Altars:
Ashenzari
Cheibriados
Dithmenos
Elyvilon
Fedhas
Gozag
Hepliaklqana
Kikubaaqudgha
Makhleb
Okawaru
Qazlal
Ru
Sif Muna
Trog
Uskayaw
Vehumet
Wu Jian
Xom
Yredelemnul
Zin
The Shining One

Shops:
D:5 *   D:9 [*([[

Annotations:
D:7 2 runed translucent doors
D:10 Amaemon, Erolcha


Innate Abilities, Weirdness & Mutations

Your dull iron-grey scales are very hard. (AC +12)
You are amphibious.
You cannot fit into any form of body armour.
You are cold-blooded and may be slowed by cold attacks.
Your body sometimes deteriorates upon taking damage.
You are somewhat resistant to further mutation.
You occasionally lose the ability to drink potions when taking damage.


Message History

Erolcha the Cunning comes into view.
She is wielding a +0 giant club and wearing a +2 robe of fire resistance.
An orange demon comes into view.
Erolcha shouts!
The komodo dragon bites you but does no damage.
You climb upwards.
There is a stone staircase leading down here.
Casting: Scorch (safe; 1% risk of failure)
Confirm with . or Enter, or press ? or * to list all spells.
Flames lash the komodo dragon.
The komodo dragon is burned terribly!
The komodo dragon is moderately wounded.
The komodo dragon bites you!!
Your body deteriorates!
You feel weakened.
Casting: Scorch (safe; 1% risk of failure)
Confirm with . or Enter, or press ? or * to list all spells.
Flames lash the komodo dragon.
The komodo dragon is burned terribly!
The komodo dragon is moderately wounded.
The komodo dragon bites you!
Casting: Scorch (safe; 1% risk of failure)
Confirm with . or Enter, or press ? or * to list all spells.
Flames lash the komodo dragon but do no damage.
The komodo dragon bites you!!
You feel threatened and lose the ability to drink potions!
* * * LOW HITPOINT WARNING * * *
Okay, then.
Casting: Scorch (safe; 1% risk of failure)
Confirm with . or Enter, or press ? or * to list all spells.
You don't know that spell.
You are too injured to fight recklessly!
You are too injured to fight recklessly!
Casting: Scorch (safe; 1% risk of failure)
Confirm with . or Enter, or press ? or * to list all spells.
Flames lash the komodo dragon.
The komodo dragon is burned terribly!
The komodo dragon is heavily wounded.
The komodo dragon closely misses you.
Casting: Scorch (safe; 1% risk of failure)
Confirm with . or Enter, or press ? or * to list all spells.
Flames lash the komodo dragon.
The komodo dragon is burned terribly!
The komodo dragon is severely wounded.
The komodo dragon bites you!!
You die...

#.....'....#..#.....+....##
#.....#....#..#.....#.....#
#.....#....#####....#...#..
#.....####....##....#.#....
#....8...#....#............
#....<...+....#.....##....#
#..8.∩.8.#....#..))##....##
#........#....#....##...##.
#....8...#@...#....##..#...
#.....####.l..###).#...#...
#'#####..##.......##..#...#
#....#....+........#.......
#....#....#.......##..##..#
#....##...#.......#...##..#
####'###...#.......##.)##...
#......#...'.......##...#...
#......#...#........##...#..


You could see a komodo dragon (combustible).

Vanquished Creatures
  A two-headed ogre (D:9)
  Maurice (D:8)
  2 komodo dragons (D:9)
  Prince Ribbit (D:5)
  Sigmund (D:3)
  A wyvern (D:9)
  A basilisk (D:9)
  Eustachio (D:6)
  3 steam dragons
  Menkaure (D:5)
  A water moccasin (D:6)
  A swamp drake (D:9)
  A black bear (D:5)
  An ice beast (D:7)
  An orc warrior (D:7)
  2 ogres
  2 centaurs
  2 phantoms (D:5)
  A kobold brigand (D:10)
  Blork the orc (D:5)
  2 bullfrogs
  8 wights
  3 killer bees (D:9)
  7 crimson imps (D:8)
  A howler monkey (D:10)
  A jelly (D:5)
  A hound (D:4)
  4 orc priests
  2 gnoll boudas
  Jessica (D:3)
  3 iguanas
  8 orc wizards
  Robin (D:3)
  7 adders
  10 gnolls
  2 shadow imps
  4 white imps
  An ufetubus (D:6)
  2 dart slugs
  22 orcs
  6 endoplasms
  3 giant cockroaches
  15 goblins
  9 hobgoblins
  4 jackals (D:1)
  4 quokkas
  3 ball pythons
  4 bats (D:1)
  6 frilled lizards
  12 kobolds
  8 rats
190 creatures vanquished.

Vanquished Creatures (others)
  A kobold (D:10)
  8 plants (D:4)
9 creatures vanquished.

Grand Total: 199 creatures vanquished

Notes
Turn   | Place    | Note
-------+----------+-------------------------------------------
     0 | D:1      | Barriton the Draconian Conjurer began the quest for the
                  | Orb.
     0 | D:1      | Reached XP level 1. HP: 14/14 MP: 3/3
   190 | D:1      | Reached XP level 2. HP: 20/20 MP: 0/5
   539 | D:1      | Learned a level 2 spell: Searing Ray
  1020 | D:1      | Reached XP level 3. HP: 26/26 MP: 4/6
  2216 | D:2      | Identified a scroll of acquirement
  2216 | D:2      | Acquired a staff of poison
  2400 | D:3      | Reached XP level 4. HP: 33/33 MP: 1/7
  2489 | D:3      | Noticed Robin
  2516 | D:3      | Killed Robin
  2605 | D:3      | Reached skill level 3 in Spellcasting
  2680 | D:3      | Found a broken altar of Ashenzari.
  2799 | D:3      | Found an iron altar of Okawaru.
  3165 | D:3      | Noticed Jessica
  3170 | D:3      | Killed Jessica
  3171 | D:3      | Reached skill level 5 in Conjurations
  3171 | D:3      | Reached XP level 5. HP: 39/39 MP: 2/9
  3282 | D:3      | Noticed Sigmund
  3289 | D:3      | Killed Sigmund
  3290 | D:3      | Reached skill level 1 in Fighting
  3290 | D:3      | Reached skill level 1 in Staves
  3290 | D:3      | Reached skill level 1 in Shields
  3290 | D:3      | Reached XP level 6. HP: 39/47 MP: 1/11
  3579 | D:4      | Learned a level 2 spell: Scorch
  3784 | D:4      | Found a white marble altar of Elyvilon.
  3846 | D:4      | Found a glowing silver altar of Zin.
  4154 | D:4      | Found a basalt altar of Yredelemnul.
  4428 | D:4      | Found a stormy altar of Qazlal.
  4551 | D:5      | Entered Level 5 of the Dungeon
  4575 | D:5      | Found a staircase to the Ecumenical Temple.
  4595 | Temple   | Entered the Ecumenical Temple
  4602 | Temple   | Became a worshipper of Sif Muna the Loreminder
  4628 | D:5      | Learned a level 2 spell: Static Discharge
  4648 | D:5      | Noticed Menkaure
  4654 | D:5      | Killed Menkaure
  4655 | D:5      | Reached skill level 4 in Spellcasting
  4656 | D:5      | Your scales start taking on a dull iron-grey colour.
  4656 | D:5      | Reached XP level 7. HP: 52/52 MP: 1/13
  4793 | D:5      | Reached skill level 1 in Fire Magic
  4926 | D:5      | Noticed Prince Ribbit
  4932 | D:5      | Killed Prince Ribbit
  5171 | D:5      | Found a hazy altar of Hepliaklqana.
  5196 | D:5      | Reached skill level 5 in Spellcasting
  5306 | D:5      | Noticed Blork the orc
  5315 | D:5      | Killed Blork the orc
  5316 | D:5      | Reached XP level 8. HP: 52/59 MP: 2/15
  5327 | D:5      | Found Gozag's Platinum Reserve.
  5421 | D:5      | Found an opulent altar of Gozag.
  6041 | D:5      | Gained mutation: Your mind is acute. (Int +4, Str/Dex -1)
                  | [potion of mutation]
  6042 | D:5      | Lost mutation: Your mind is acute. (Int +4, Str/Dex -1)
                  | [potion of mutation]
  6042 | D:5      | Gained mutation: You occasionally shout uncontrollably at
                  | your foes. [potion of mutation]
  6042 | D:5      | Gained mutation: You occasionally lose the ability to read
                  | scrolls when taking damage. [potion of mutation]
  6042 | D:5      | Gained mutation: You occasionally lose the ability to drink
                  | potions when taking damage. [potion of mutation]
  6043 | D:5      | Lost mutation: You occasionally lose the ability to read
                  | scrolls when taking damage. [potion of mutation]
  6043 | D:5      | Lost mutation: You occasionally shout uncontrollably at
                  | your foes. [potion of mutation]
  6043 | D:5      | Gained mutation: Your body sometimes deteriorates upon
                  | taking damage. [potion of mutation]
  6043 | D:5      | Gained mutation: You are somewhat resistant to further
                  | mutation. [potion of mutation]
  6175 | D:6      | Found a shadowy altar of Dithmenos.
  6226 | D:6      | Reached skill level 6 in Spellcasting
  6731 | D:6      | Noticed Eustachio
  6744 | D:6      | Killed Eustachio
  7049 | D:7      | Identified the +4 ring mail of Enymna {rN++ Str+2}
  7081 | D:7      | Reached skill level 7 in Spellcasting
  7081 | D:7      | Reached XP level 9. HP: 44/64 MP: 0/19
  7206 | D:7      | Found a runed translucent door.
  7218 | D:7      | Found a runed translucent door.
  7479 | D:7      | Found a hide-covered altar of Uskayaw.
  7536 | D:7      | Found an ancient bone altar of Kikubaaqudgha.
  8293 | D:8      | Reached * piety under Sif Muna
  8357 | D:8      | Paralysed by a crimson imp for 4 turns
  8514 | D:8      | Noticed Maurice
  8529 | D:8      | Killed Maurice
  8530 | D:8      | Reached skill level 8 in Spellcasting
  8849 | D:8      | You fall into a shaft and drop 2 floors!
  8849 | D:10     | Entered Level 10 of the Dungeon
  8862 | D:10     | Learned a level 1 spell: Sandblast
  8866 | D:10     | Learned a level 3 spell: Stone Arrow
  8978 | D:10     | Reached skill level 5 in Fire Magic
  9415 | D:9      | Reached XP level 10. HP: 73/73 MP: 9/22
  9516 | D:9      | Found a flagged portal.
  9529 | D:9      | Found Rouhiykh's Antique Armour Emporium.
  9540 | D:9      | Found Cuanosesch's Antique Armour Emporium.
  9555 | D:9      | Found Uliklaso's Antique Weapon Shoppe.
  9575 | D:9      | Found Just's General Store.
  9582 | D:9      | Reached ** piety under Sif Muna
  9656 | D:9      | Found Wocluas's Antique Armour Shop.
  9958 | D:9      | Noticed a two-headed ogre
  9965 | D:9      | Killed a two-headed ogre
  9966 | D:9      | Reached skill level 1 in Earth Magic
 10151 | D:9      | Reached skill level 9 in Spellcasting
 10465 | D:9      | Found a staircase to the Lair.
 10637 | D:10     | Noticed Amaemon
 10638 | D:10     | Noticed Erolcha
 10638 | D:10     | Noticed an orange demon
 10645 | D:9      | Demolished by a komodo dragon

Illustrated notes

Levels and vault maps discovered:
D:1:      minmay_arrival_arboretum_small, layout_basic, serial_glass,
          glass_columns_c, glass_columns_b, glass_columns_b, glass_columns_a,
          minmay_tall_x
D:2:      layout_basic, uniq_crazy_yiuf_cottage
D:3:      layout_basic, cheibrodos_ashenzari_chains,
          kennysheep_okawaru_gauntlet, uniq_robin, uniq_jessica, uniq_sigmund
D:4:      layout_gridville, mainiacjoe_overflow_cross_hatched,
          lemuel_coloured_pillars_altar, mainiacjoe_overflow_tiny_flanked,
          lemuel_doored_altar, serial_bayou_lagoon_b
D:5:      layout_loops_corners, general_overflow_altar,
          nicolae_gozag_zags_fifth_avenue, minmay_temple_entry_glass,
          uniq_prince_ribbit1, uniq_blork_the_orc, uniq_menkaure
D:6:      layout_gridville, mainiacjoe_overflow_concentric_impassable,
          uniq_eustachio
D:7:      lemuel_insect_pit, layout_loops_ring,
          mainiacjoe_overflow_surrounded_room, mainiacjoe_overflow_chevrons
D:8:      layout_rooms, biasface_ghost_orc_armoury, enter_ossuary_2,
          chequers_arboretum, minivault_25, minmay_nine_imps, uniq_maurice,
          uniq_pikel
D:9:      hellmonk_ruined_rings, layout_gridville, erik_lair_dragon,
          serial_shops, nicolae_shop_statue_plus, nicolae_shop_trees, shop,
          nicolae_shop_advertising_works [nicolae_subvault_shop_adworks],
          nicolae_shop_temple_entry_statues_fountains, enter_bailey_2,
          dreamdust_princess_bridge, grunt_ministairs_4, serial_park_tiny_1
D:10:     layout_layer_cave, nicolae_overflow_hidden_temple, uniq_nergalle,
          uniq_erolcha, uniq_amaemon
Temple:   hellmonk_temple_micro_hex

Skill      XL: |  1  2  3  4  5  6  7  8  9 10 |
---------------+-------------------------------+-----
Dodging        | 2 3 4 |  4.7
Stealth        | 2 3 |  3.4
Spellcasting   | 3 4 5 7 8 9 |  9.4
Conjurations   | 5 6 7 8 |  8.2
Fighting       | 1 2 |  2.1
Staves         | 1 2 3 |  3.0
Shields        | 1 2 |  2.7
Fire Magic     | 1 4 5 |  5.7
Earth Magic    | 2 |  2.0
Polearms       | |  0.2
Unarmed Combat | |  0.2
Air Magic      | |  0.5

Action                     |  1- 3 |  4- 6 |  7- 9 | 10-12 || total
---------------------------+-------+-------+-------+-------++-------
  Melee: Unarmed           |    32 |       |       |       ||    32
         Tailslap          |     5 |     9 |    14 |       ||    28
         Punch             |     1 |     1 |     2 |       ||     4
         Staff             |    18 |    40 |   134 |     2 ||   194
         Spear             |     9 |       |       |       ||     9
   Cast: Magic Dart        |    97 |    57 |   123 |       ||   277
         Searing Ray       |     1 |    10 |    34 |     2 ||    47
         Scorch            |       |     4 |    52 |    24 ||    80
         Static Discharge  |       |     1 |     4 |       ||     5
         Stone Arrow       |       |       |    10 |    15 ||    25
    Use: Scroll            |     7 |     3 |     9 |       ||    19
         Potion            |       |       |     3 |       ||     3
 Armour: Skin              |    23 |    11 |   145 |    12 ||   191
  Dodge: Dodged            |    42 |    52 |   149 |    12 ||   255
  Block: Other             |     7 |    15 |    65 |     3 ||    90
         Reflection        |       |     1 |     1 |     1 ||     3

Table legend: (Time is in decaauts)
 A = Elapsed time spent in this place.
 B = Non-inter-level travel time spent in this place.
 C = Inter-level travel time spent in this place.
 D = Time resting spent in this place.
 E = Time spent auto-exploring this place.
 F = Levels seen in this place.
 G = Mean time per level.
                   A        B        C        D        E       F      G
               +--------+--------+--------+--------+--------+-----+--------+
         Total |  10689 |  10294 |    395 |      0 |   8814 |  11 |  971.7 |
       Dungeon |  10674 |  10285 |    389 |      0 |   8814 |  10 | 1067.4 |
        Temple |     14 |      8 |      6 |      0 |      0 |   1 |   14.0 |
               +--------+--------+--------+--------+--------+-----+--------+

Top non-repeatable levels by time:
     D:9: 1504 daAuts
     D:5: 1495 daAuts
     D:3: 1327 daAuts
     D:7: 1283 daAuts
     D:1: 1199 daAuts
     D:2: 1060 daAuts
     D:4: 992 daAuts
     D:6: 915 daAuts
     D:8: 600 daAuts
    D:10: 295 daAuts
  Temple: 14 daAuts
